 Dungeon Crawl Stone Soup version 0.29.0-13-gc9e81de378 (webtiles) character file.

Game seed: 3970296075108069959

10 styxcanada the Sneak (level 2, 0/14 HPs)
             Began as a Spriggan Brigand on Sept 9, 2022.
             Constricted to death by a ball python (1 damage)
             ... on level 1 of the Dungeon.
             The game lasted 00:01:15 (220 turns).

styxcanada the Sneak (Spriggan Brigand)              Turns: 220, Time: 00:01:15

Health: 0/14       AC:  3    Str:  7    XL:     2   Next: 10%
Magic:  3/3        EV: 13    Int: 12    God:
Gold:   43         SH:  0    Dex: 16    Spells: 1/1 levels left

rFire   . . .      SeeInvis +   a - +2 dagger
rCold   . . .      Faith    .   (no shield)
rNeg    . . .      Spirit   .   b - +0 robe
rPois   .          Reflect  .   (helmet restricted)
rElec   .          Harm     .   c - +0 cloak
rCorr   .          Rampage  .   (gloves unavailable)
Will    .....                   (boots unavailable)
Stlth   +++.......              (no amulet)
HPRegen 0.04/turn               (no ring)
MPRegen 0.08/turn               (no ring)

@: constricted, very quick
A: very small, no large weapons, unfitting armour, see invisible, speed 3
a: no special abilities


You were on level 1 of the Dungeon.
You visited 1 branch of the dungeon, and saw 1 of its levels.

You collected 43 gold pieces.

Inventory:

Hand Weapons
 a - a +2 dagger (weapon)
Missiles
 d - 9 poisoned darts (quivered)
 e - 3 curare-tipped darts
 f - 4 stones
Armour
 b - a +0 robe (worn)
 c - a +0 cloak (worn)
Scrolls
 h - a scroll of brand weapon {unknown}
Potions
 g - a potion of curing {unknown}
 i - a potion of haste {unknown}


   Skills:
 * Level 1.5 Fighting
 + Level 2.2 Short Blades
 + Level 2.0 Throwing
 * Level 1.7 Dodging
 * Level 6.5 Stealth


You had one spell level left.
You didn't know any spells.
Your spell library was empty.

Dungeon Overview and Level Annotations

Branches:
Dungeon (1/15)

Altars:


Innate Abilities, Weirdness & Mutations

You are very small and have problems with some larger weapons.
You are too small for most types of armour.
You have supernaturally acute eyesight. (SInv)
You cover ground extremely quickly. (Speed+++)


Message History

The dart slug closely misses you.
You hit the dart slug.
The dart slug is heavily wounded.
You hit the dart slug.
The dart slug is almost dead.
The ball python bites you but does no damage.
The ball python closely misses you. The dart slug launches a dart at you.
The slug dart hits you.
Ouch! That really hurt!
The dart slug launches a dart at you. The slug dart misses you.
You hit the dart slug.
You kill the dart slug!
The ball python barely misses you. The ball python grabs you.
The ball python constricts you.
A quokka comes into view.
You hit the dart slug.
The dart slug is severely wounded.
The ball python bites you.
* * * LOW HITPOINT WARNING * * *
The ball python constricts you. The dart slug misses you.
The ball python bites you but does no damage.
The ball python constricts you.
You hit the dart slug but do no damage.
The dart slug is severely wounded.
The ball python misses you. The ball python constricts you.
* * * LOW HITPOINT WARNING * * *
You hit the dart slug.
The dart slug is almost dead.
The dart slug launches a dart at you. The slug dart misses you.
The ball python closely misses you. The ball python constricts you.
You hit the dart slug.
You kill the dart slug!
The ball python closely misses you. The ball python constricts you.
You have reached level 2!
The ball python's grasp on you weakens, but your attempt to escape fails.
The ball python misses you. The ball python constricts you.
You die...

........#.....#
........#.(...#
........#.....#
................
########................
....... ......r.........
......# ........†S......
......# .......@.......
......######............
......##................
#.......................
.................##.....
......................##
.............########...
.............# .##
......)......# #


You could see a quokka and a ball python.

Vanquished Creatures
  2 dart slugs (D:1)
  A ball python (D:1)
  A bat (D:1)
  A goblin (D:1)
  A rat (D:1)
6 creatures vanquished.

Notes
Turn   | Place    | Note
-------+----------+-------------------------------------------
     0 | D:1      | styxcanada the Spriggan Brigand began the quest for the
                  | Orb.
     0 | D:1      | Reached XP level 1. HP: 10/10 MP: 2/2
   123 | D:1      | Reached skill level 6 in Stealth
   220 | D:1      | Reached XP level 2. HP: 1/14 MP: 3/3
   220 | D:1      | Constricted to death by a ball python

Illustrated notes

Levels and vault maps discovered:
D:1:      lordsloth_arrival_two_stooges, layout_basic,
          chequers_ecumenical_altar_lobes, nicolae_shop_unique_rings

Skill      XL: |  1 |
---------------+----+-----
Stealth        | 6 |  6.5
Fighting       | |  1.5
Short Blades   | |  2.2
Throwing       | |  2.0
Dodging        | |  1.7

Action                   || total
-------------------------++-------
Melee: Dagger            ||    18
 Stab: Sleeping          ||     1
Armor: Robe              ||     3
Dodge: Dodged            ||    21
